 Dungeon Crawl Stone Soup version 0.22-a0-149-g870e420 (webtiles) character file.

117 tof the Shield-Bearer (level 4, 0/42 HPs)
             Began as a Deep Dwarf Fighter on Feb 7, 2018.
             Slain by Nico3ck's ghost (11 damage)
             ... on level 4 of the Dungeon.
             The game lasted 00:05:59 (1847 turns).

tof the Shield-Bearer (Deep Dwarf Fighter)          Turns: 1847, Time: 00:06:00

Health: 0/42       AC:  9    Str: 20    XL:     4   Next: 71%
Magic:  4/4        EV:  7    Int:  8    God:
Gold:   157        SH: 10    Dex: 18    Spells: 3/3 levels left

rFire    . . .     SeeInvis .   a - +0 flail
rCold    . . .     Gourm    .   c - +0 shield
rNeg     . . .     Faith    .   b - +0 scale mail
rPois    .         Spirit   .   (no helmet)
rElec    .         Reflect  .   r - +0 cloak
rCorr    .         Harm     .   l - +0 pair of gloves (curse)
MR       +....                  (no boots)
Stlth    ..........             (no amulet)
HPRegen  0.00/turn              e - ring of protection from magic
MPRegen  0.09/turn              i - +5 ring of dexterity

@: non-regenerating
A: damage resistance, heal wounds, sense surroundings 1, no regeneration
a: Heal Wounds


You were on level 4 of the Dungeon.
You were not hungry.

You visited 1 branch of the dungeon, and saw 4 of its levels.

You collected 157 gold pieces.

Inventory:

Hand Weapons
 a - a +0 flail (weapon)
Missiles
 s - 6 javelins (quivered)
Armour
 b - a +0 scale mail (worn)
 c - a +0 shield (worn)
 l - a cursed +0 pair of gloves (worn)
 r - a +0 cloak (worn)
Jewellery
 e - a ring of protection from magic (left hand)
 i - a +5 ring of dexterity (right hand)
 t - a cursed ring of teleportation {unknown}
Scrolls
 g - 6 scrolls of identify {unknown}
 k - a scroll of random uselessness {unknown}
 n - a scroll of enchant armour {unknown}
 o - 2 scrolls of enchant weapon {unknown}
 p - 2 scrolls of remove curse {unknown}
Potions
 d - a potion of might
 j - 2 potions of brilliance {unknown}
 m - a potion of agility {unknown}
 q - a potion of degeneration {unknown}
Comestibles
 f - 4 rations
 h - 12 chunks of flesh


   Skills:
 + Level 3.2 Fighting
 * Level 3.5 Maces & Flails
 + Level 4.0 Armour
 + Level 4.0 Shields


You had 3 spell levels left.
You didn't know any spells.

Dungeon Overview and Level Annotations

Branches:
Dungeon (4/15)
 Temple: D:4-7

Altars:
Vehumet

Annotations:
D:2 Sigmund
D:4 Nico3ck's ghost, amateur GrFi


Innate Abilities, Weirdness & Mutations

You are resistant to damage.
You can heal yourself by infusing magical energy.
You passively map a small area around you.
You do not regenerate.


Message History

The giant cockroach bites you but does no damage.
You closely miss the giant cockroach. You block the giant cockroach's attack.
You sock the giant cockroach!
You kill the giant cockroach!
Found a plate armour.
You see here a giant cockroach corpse.
You butcher the giant cockroach corpse.
h - 12 chunks of flesh (gained 1)
You hear the slow rusting of a very distant drain.
Nico3ck's ghost is too close now for your liking.
You see here a robe.
Nico3ck's ghost hits you! Nico3ck's ghost hits you.
Nico3ck's ghost keens inconsolably.
You closely miss Nico3ck's ghost. Nico3ck's ghost hits you!
* * * LOW HITPOINT WARNING * * *
You hit Nico3ck's ghost but do no damage.
Nico3ck's ghost hits you but does no damage.
Nico3ck's ghost hits you!
You die...

, ##....#.## * #...(.....# ,
#...##..#. #.........# , ,
,*#..####...###.........# * *
#....#*##.......####### * *
#..#.####......[########## *
#.........##.....##.......
#.##..###................. *
###.##.######...............
...........>@W.#####.........
, ################ #...######
* ##### ,


You could see Nico3ck's ghost.

Vanquished Creatures
  A gnoll (D:1)
  4 adders (D:3)
  2 worms
  A dart slug (D:1)
  6 leopard geckos
  A ball python (D:3)
  9 giant cockroaches
  5 goblins
  3 hobgoblins
  2 jackals (D:3)
  A quokka (D:3)
  5 bats
  2 frilled lizards
  6 kobolds
  9 rats
57 creatures vanquished.

Notes
Turn   | Place    | Note
-------+----------+-------------------------------------------
     0 | D:1      | tof the Deep Dwarf Fighter began the quest for the Orb.
     0 | D:1      | Reached XP level 1. HP: 20/20 MP: 1/1
   145 | D:1      | Reached XP level 2. HP: 27/27 MP: 2/2
   820 | D:2      | Reached XP level 3. HP: 16/34 MP: 3/3
   922 | D:2      | Noticed Sigmund
   938 | D:2      | Found a radiant altar of Vehumet.
  1397 | D:3      | Reached XP level 4. HP: 37/42 MP: 4/4
  1768 | D:4      | Noticed Nico3ck's ghost (amateur GrFi)
  1847 | D:4      | Slain by Nico3ck's ghost

Vault maps used:
D:1:      onia_arrival_larder, minmay_surrounded
D:2:      vehumet_crystals, uniq_sigmund
D:3:      first_ration
D:4:      portal_sewer_entry_c, uniq_natasha, uniq_duvessa

Skill      XL: |  1  2  3  4 |
---------------+-------------+-----
Fighting       | 3 |  3.2
Maces & Flails | 3 |  3.5
Shields        | 4 |  4.0
Armour         | 4 |  4.0

Action                   |  1- 3 |  4- 6 || total
-------------------------+-------+-------++-------
Melee: Flail             |   130 |    39 ||   169
Throw: Javelin           |       |     9 ||     9
 Abil: Heal Wounds       |     1 |       ||     1
  Eat: Chunk             |     2 |     1 ||     3
Armor: Scale mail        |    58 |    16 ||    74
Dodge: Dodged            |    33 |     8 ||    41
Block: Shield            |    73 |    22 ||    95

Table legend:
 A = Spawn XP
 B = Non-spawn XP
 C = Spawn XP percentage of total XP
 D = Spawn monster count
 E = Non-spawn monster count
 F = Spawn count percentage of total count
 G = Total turns spent on level
                    A         B        C        D         E        F      G
               +---------+---------+-------+---------+---------+-------+---------
         Total |       0 |     168 |   0.0 |       0 |      57 |   0.0 |  1847
               +---------+---------+-------+---------+---------+-------+---------
           D:1 |       0 |      54 |   0.0 |       0 |      25 |   0.0 |   873
           D:2 |       0 |      28 |   0.0 |       0 |      13 |   0.0 |   346
           D:3 |       0 |      84 |   0.0 |       0 |      18 |   0.0 |   564
           D:4 |       0 |       2 |   0.0 |       0 |       1 |   0.0 |    64
               +---------+---------+-------+---------+---------+-------+---------
